 Dungeon Crawl Stone Soup version 0.20-a0-1127-g1289703 (webtiles) character file.

368 HankScorpio the Gusty (level 6, -3/32 HPs)
             Began as a Deep Elf Air Elementalist on May 18, 2017.
             Slain by a wraith (4 damage)
             ... in an ossuary.
             The game lasted 00:14:20 (3221 turns).

HankScorpio the Gusty (Deep Elf Air Elementalist)   Turns: 3221, Time: 00:14:21

Health: -3/32      AC:  7    Str:  5    XL:     6   Next: 41%
Magic:  2/22       EV: 12    Int: 22    God:
Gold:   162        SH:  0    Dex: 15    Spells: 7/12 levels left

rFire    . . .     SeeInvis .   N - +4 spear
rCold    . . .     Gourm    .   (no shield)
rNeg     . . .     Faith    .   a - +0 robe
rPois    .         Spirit   .   (no helmet)
rElec    .         Reflect  .   (no cloak)
rCorr    .         Harm     .   n - +2 pair of gloves
MR       .....                  m - +0 pair of boots
Stlth    ++........             (no amulet)
Regen    0.1/turn               g - ring of magical power
MPRegen  0.2/turn               D - +1 ring of protection

@: very slightly contaminated, slowed, drained, very slow
A: no striking features
a: no special abilities


You were in an ossuary.
You were not hungry.

You visited 1 branch of the dungeon, and saw 4 of its levels.
You also visited: Ossuary.

You collected 162 gold pieces.

Inventory:

Hand Weapons
 N - a +4 spear (weapon)
Missiles
 e - 8 needles of paralysis
Armour
 a - a +0 robe (worn)
 m - a +0 pair of boots (worn)
 n - a +2 pair of gloves (worn)
Magical Staves
 H - an uncursed staff of fire
Jewellery
 g - a ring of magical power (left hand)
 j - an uncursed ring of fire
 s - an uncursed ring of ice
 t - an uncursed ring of positive energy
 D - a +1 ring of protection (right hand)
Wands
 i - a wand of confusion (21/48)
 y - a wand of acid (13/15)
 G - a wand of flame (30/48)
 J - a wand of lightning (9/15)
Scrolls
 f - 2 scrolls of magic mapping
 l - 2 scrolls of amnesia
 q - 3 scrolls of identify
 K - a scroll of remove curse
 L - a scroll of enchant armour {unknown}
Potions
 d - 4 potions of curing
 h - a potion of might
 o - a potion of magic {unknown}
 p - a potion of invisibility {unknown}
 r - a potion of cancellation {unknown}
 u - a potion of flight {unknown}
 x - 2 potions of heal wounds
 z - 2 potions of berserk rage {unknown}
 A - 2 potions of degeneration {unknown}
 B - 2 potions of lignification {unknown}
 C - a potion of agility {unknown}
 E - a potion of ambrosia {unknown}
 I - a potion of mutation {unknown}
 M - a potion of haste {unknown}
Books
 b - a book of Air

   Spells                             Type                      Level
   a - Shock                          Conjuration/Air              1
   b - Swiftness                      Charms/Air                   2
   c - Static Discharge               Conjuration/Air              3
   d - Airstrike                      Air                          4
   e - Lightning Bolt                 Conjuration/Air              5
Comestibles
 c - 2 bread rations
 k - 4 royal jellies
 w - a fruit
 F - 2 meat rations


   Skills:
 - Level 2.4(2.0) Dodging
 - Level 2.4(2.0) Stealth
 - Level 3.7(3.3) Spellcasting
 + Level 4.5(4.1) Conjurations
 * Level 5.6(5.2) Air Magic


You had 7 spell levels left.
You knew the following spells:

 Your Spells              Type           Power        Failure   Level  Hunger
a - Shock                 Conj/Air       ###.         1%          1    None
b - Airstrike             Air            ####......   14%         4    ####...


Dungeon Overview and Level Annotations

Branches:
Dungeon (4/15)
 Temple: D:4-7

Altars:
Nemelex Xobeh
Ru
Xom

Annotations:
D:2 Sigmund


Message History

The wraith hits you!
Casting: Shock
Confirm with . or Enter, or press ? or * to list all spells.
Aiming: Shock
Press: ? - help, Shift-Dir - straight line, f/p - wraith
Aim: a wraith (heavily damaged)
The zap hits the wraith.
The wraith is heavily damaged.
The wraith hits you!
* * * LOW HITPOINT WARNING * * *
The wraith drains your vigour!
You feel as though you will be slow longer.
The wraith hits you.
* * * LOW HITPOINT WARNING * * *
The wraith drains your vigour!
You feel as though you will be slow longer.
You hit the wraith.
The wraith is severely damaged.
The wraith hits you.
You die...

#################
#..W@...........#
#.'##..###..##+.# #.#.#..#
#..#W#.# ##### ###
#.###..###..###.# ....# #W#
#...............#
8.8.#####▓###.###.......###.#
......'.....'.# #.......#z#.#
8.8.#####▓###.###.......###.#
....# #z# #...............#


You could see a wraith.

Vanquished Creatures
  3 wights (Ossuary)
  3 orc wizards
  Ijyb (D:3)
  A hound skeleton (D:4)
  2 adders (D:3)
  An ooze (D:2)
  2 adder zombies (Ossuary)
  2 worms (D:2)
  2 dart slugs
  4 leopard geckos
  7 orcs
  6 giant cockroaches
  6 goblins
  9 hobgoblins
  2 jackals (D:1)
  A quokka (D:3)
  A ball python (D:2)
  8 bats
  7 frilled lizards
  12 kobolds
  A kobold zombie (Ossuary)
  2 orc skeletons (Ossuary)
  An orc zombie (Ossuary)
  8 rats
92 creatures vanquished.

Notes
Turn   | Place    | Note
-------+----------+-------------------------------------------
     0 | D:1      | HankScorpio the Deep Elf Air Elementalist began the quest for the Orb.
     0 | D:1      | Reached XP level 1. HP: 10/10 MP: 6/6
   227 | D:1      | Reached XP level 2. HP: 8/15 MP: 6/8
   643 | D:1      | Reached XP level 3. HP: 15/19 MP: 10/10
  1258 | D:2      | Reached XP level 4. HP: 24/24 MP: 11/11
  1281 | D:2      | Learned a level 4 spell: Airstrike
  1650 | D:2      | Noticed Sigmund
  2039 | D:3      | Reached skill level 4 in Air Magic
  2069 | D:3      | Found a shimmering altar of Xom.
  2070 | D:3      | Found a shimmering altar of Xom.
  2083 | D:3      | Found a shimmering altar of Xom.
  2284 | D:3      | Reached XP level 5. HP: 18/28 MP: 12/12
  2492 | D:3      | Found a sparkling altar of Nemelex Xobeh.
  2516 | D:3      | Noticed Ijyb
  2524 | D:3      | Killed Ijyb
  2657 | D:4      | Found a sacrificial altar of Ru.
  2669 | D:4      | Reached skill level 5 in Air Magic
  2782 | D:4      | Found a sand-covered staircase.
  2933 | Ossuary  | Entered an ossuary
  2987 | Ossuary  | Reached XP level 6. HP: 32/32 MP: 12/13
  3105 | Ossuary  | Noticed a wraith
  3105 | Ossuary  | Noticed a flying skull
  3116 | Ossuary  | Noticed a flying skull
  3137 | Ossuary  | Noticed a flying skull
  3192 | Ossuary  | Noticed a wraith
  3206 | Ossuary  | Noticed a wraith
  3220 | Ossuary  | HP: 1/32 [wraith (4)]
  3221 | Ossuary  | Slain by a wraith

Vault maps used:
D:1:      evilmike_arrival_hilbert_curve, minmay_pentomino_u2
D:2:      uniq_sigmund
D:3:      xom_redecorated, overflow_temple_1_default, minivault_5, uniq_ijyb
D:4:      overflow_temple_1_default, nicolae_ossuary_entry_false_entrances
Ossuary:  ossuary_due_cavern

Skill      XL: |  1  2  3  4  5 |
---------------+----------------+-----
Conjurations   | 2 3 4 |  4.5
Air Magic      | 4 5 |  5.6
Dodging        | |  2.4
Stealth        | |  2.4
Spellcasting   | |  3.7

Action                   |  1- 3 |  4- 6 || total
-------------------------+-------+-------++-------
Melee: Spear             |       |     1 ||     1
 Cast: Shock             |   110 |   104 ||   214
       Airstrike         |       |     3 ||     3
  Use: Scroll            |       |     7 ||     7
       Potion            |       |     3 ||     3
  Eat: Chunk             |       |     5 ||     5
       Bread ration      |       |     1 ||     1
Armor: Robe              |     4 |    10 ||    14
Dodge: Dodged            |     8 |    21 ||    29
